 Dungeon Crawl Stone Soup version 0.31.0-32-g396128a36d (webtiles) character file.

Game seed: 15673508619006362104

2 ChadusMaximus the Caller (level 1, -1/13 HPs)
             Began as a Barachi Summoner on Mar 13, 2024.
             Slain by a hobgoblin (3 damage)
             ... on level 1 of the Dungeon.
             The game lasted 00:00:15 (88 turns).

ChadusMaximus the Caller (Barachi Summoner)           Turns: 88, Time: 00:00:16

Health: -1/13      AC:  2    Str:  9    XL:     1   Next: 30%
Magic:  0/3        EV: 12    Int: 15    God:
Gold:   0          SH:  0    Dex: 12    Spells: 3/4 levels left

rFire   . . .        d - +0 mace
rCold   . . .        (no shield)
rNeg    . . .        a - +0 robe
rPois   .            (no helmet)
rElec   .            (no cloak)
rCorr   .            (no gloves)
SInv    .            (no boots)
Will    .....        (no amulet)
Stlth   ++           (no ring)
HPRegen 0.22/turn    (no ring)
MPRegen 0.08/turn

%: no passive effects
@: slow
A: amphibious, slowness 1, strong legs 1, +LOS
a: Hop


You were on level 1 of the Dungeon.
You visited 1 branch of the dungeon, and saw 1 of its levels.

Inventory:

Hand Weapons
 d - a +0 mace (weapon)
Armour
 a - a +0 robe (worn)
Scrolls
 c - a scroll of teleportation {unknown}
Potions
 b - a potion of magic


   Skills:
 - Level 2.1 Dodging
 - Level 1.7 Stealth
 + Level 2.2 Spellcasting
 * Level 4.9 Summonings


You had 3 spell levels left.
You knew the following spells:

 Your Spells              Type           Power      Damage    Failure   Level
a - Summon Small Mammal   Summ           64%        N/A       2%          1

Your spell library contained the following spells:

 Spells                   Type           Power      Damage    Failure   Level
 Call Imp                 Summ           32%        N/A       4%          2
 Call Canine Familiar     Summ           16%        N/A       9%          3
 Summon Blazeheart Golem  Fire/Summ      9%         N/A       61%         4
 Summon Lightning Spire   Summ/Air       9%         N/A       61%         4


Dungeon Overview and Level Annotations

Branches:
Dungeon (1/15)

Altars:


Innate Abilities, Weirdness & Mutations

You are amphibious.
You cover ground slowly.
You can hop short distances.
You have an extended range of vision and can be seen from far away.


Message History

Your quokka closely misses the hobgoblin.
The hobgoblin barely misses your quokka.
Casting: Summon Small Mammal (safe; 2% risk of failure)
Confirm with . or Enter, or press ? or * to list all spells.
You miscast Summon Small Mammal.
You are very lightly contaminated with residual magic.
Nothing appears to happen.
Your quokka closely misses the hobgoblin.
The hobgoblin hits your quokka.
Your quokka dies!
Your quokka's corpse disappears in a puff of smoke!
The hobgoblin shouts!
Casting: Summon Small Mammal (safe; 2% risk of failure)
Confirm with . or Enter, or press ? or * to list all spells.
Casting: Summon Small Mammal (safe; 2% risk of failure)
Confirm with . or Enter, or press ? or * to list all spells.
You don't have enough magic to cast this spell.
Unknown command.
Your rat closely misses the hobgoblin.
You see here a +0 mace.
d - a +0 mace The hobgoblin barely misses you.
Your rat barely misses the hobgoblin.
The hobgoblin attacks as it pursues you!
The hobgoblin hits you.
* * * LOW HITPOINT WARNING * * *
Okay, then.
d - a +0 mace (weapon)
The hobgoblin closely misses you.
Unknown command.
You closely miss the hobgoblin.
The hobgoblin is severely wounded.
Your rat bites the hobgoblin but does no damage.
The hobgoblin barely misses you.
Your rat closely misses the hobgoblin.
Your magical contamination has completely faded away.
Unknown command.
You closely miss the hobgoblin.
The hobgoblin is severely wounded.
The hobgoblin misses you.
Your rat barely misses the hobgoblin.
The hobgoblin hits you.
You die...

#####.....................#
#.....................#
#..##################+#
#..# ♣♣♣♣♣♣ ♣♣♣♣♣♣
#..###########
#..'.#.......#
####...#####'# ######.#..#
#@#.## #g#.### #.r...#
#.....#.#.# #...........
#(###.#.#$##.. # #.....# ##
###.... ######


You could see a hobgoblin (ally target) and a friendly rat (summoned).

Vanquished Creatures (collateral kills)
  An endoplasm (D:1)
  A rat (D:1)
2 creatures vanquished.

Notes
Turn   | Place    | Note
-------+----------+-------------------------------------------
     0 | D:1      | ChadusMaximus the Barachi Summoner began the quest for the
                  | Orb.
     0 | D:1      | Reached XP level 1. HP: 13/13 MP: 3/3
    88 | D:1      | Slain by a hobgoblin

Illustrated notes

Levels and vault maps discovered:
D:1:      beargit_arrival_diablo_church, layout_loops_ring

Action                     || total
---------------------------++-------
  Melee: Unarmed           ||     5
         Mace              ||     2
   Cast: Summon Small Mamm ||     3
 Armour: Robe              ||     8
  Dodge: Dodged            ||     7
